 Dungeon Crawl Stone Soup version 0.30-a0-385-gfebfb9b408 (webtiles) character file.

Game seed: 3660644352973918438

54 Midn8 the Ruffian (level 3, -1/18 HPs)
             Began as a Vine Stalker Reaver on Dec 2, 2022.
             Slain by a hobgoblin
             ... wielding a +0 club
              (5 damage)
             ... on level 2 of the Dungeon.
             The game lasted 00:03:18 (1325 turns).

Midn8 the Ruffian (Vine Stalker Reaver)             Turns: 1325, Time: 00:03:18

Health: -1/18      AC:  4    Str: 16    XL:     3   Next: 91%
Magic:  0/7        EV: 11    Int: 13    God:
Gold:   112        SH:  0    Dex: 12    Spells: 5/6 levels left

rFire   . . .      SeeInvis .    c - +6 short sword (drain)
rCold   . . .      Faith    .    (no shield)
rNeg    . . .      Spirit   +    a - +0 leather armour
rPois   .          Reflect  .    l - +0 helmet
rElec   .          Harm     .    (no cloak)
rCorr   .          Rampage  .    (no gloves)
Will    .....                    (no boots)
Stlth   +.........               (no amulet)
HPRegen 0.23/turn                (no ring)
MPRegen 0.10/turn                (no ring)

@: no status effects
A: fangs 2, magic shield, antimagic bite, no potion heal 2
a: no special abilities


You were on level 2 of the Dungeon.
You visited 1 branch of the dungeon, and saw 2 of its levels.

You collected 112 gold pieces.

Inventory:

Hand Weapons
 c - a +6 short sword of draining (weapon)
 f - a +0 sling
Missiles
 b - 28 stones
Armour
 a - a +0 leather armour (worn)
 l - a +0 helmet (worn)
Jewellery
 g - a ring of magical power
Scrolls
 e - a scroll of poison {unknown}
 j - a scroll of enchant weapon {unknown}
 k - a scroll of identify {unknown}
Potions
 d - a potion of brilliance {unknown}
 h - 2 potions of curing {unknown}
 i - 2 potions of flight {unknown}


   Skills:
 - Level 1.7 Fighting
 + Level 2.7 Short Blades
 - Level 1.5 Dodging
 - Level 3.3 Unarmed Combat
 - Level 2.1 Spellcasting
 - Level 3.0 Conjurations


You had 5 spell levels left.
You knew the following spells:

 Your Spells              Type           Power      Damage    Failure   Level
a - Kiss of Death         Conj/Necr      20%        2d7       17%         1

Your spell library contained the following spells:

 Spells                   Type           Power      Damage    Failure   Level
 Momentum Strike          Conj/Tloc      10%        3d8       26%         2
 Dazzling Flash           Conj/Hex       10%        N/A       45%         3
 Hailstorm                Conj/Ice       5%         3d4       45%         3
 Agony                    Necr           1%         N/A       100%        5
 Silence                  Hex/Air        0%         N/A       100%        5


Dungeon Overview and Level Annotations

Branches:
Dungeon (2/15)

Altars:
Sif Muna


Innate Abilities, Weirdness & Mutations

You have extremely sharp teeth.
When hurt, damage is shared between your health and your magic reserves.
Your bite disrupts and absorbs the magic of your enemies.
Potions cannot restore your health.


Message History

The adder is lightly wounded.
The adder barely misses you.
You miss the adder.
The adder is lightly wounded.
The adder bites you.
You are poisoned.
The adder poisons you!
You hit the adder. You drain the adder.
The adder is heavily wounded.
You feel sick. The adder barely misses you.
A hobgoblin comes into view. It is wielding a +0 club.
You miss the adder.
The adder is heavily wounded.
You feel sick.
The hobgoblin shouts!
The adder closely misses you.
You miss the adder. You bite the adder. You drain its power.
You feel invigorated.
The adder is almost dead.
You feel sick. The adder bites you but does no damage.
The adder closely misses you.
You hit the adder.
You kill the adder!
You feel sick.
Found 7 gold pieces.
You feel sick.
You are no longer poisoned.
The hobgoblin drinks a potion.
The hobgoblin seems to grow stronger.
You hit the hobgoblin but do no damage. You drain the hobgoblin.
Your bite misses the hobgoblin.
The hobgoblin is heavily wounded.
The hobgoblin hits you with a +0 club.
You closely miss the hobgoblin.
The hobgoblin is moderately wounded.
You completely miss the hobgoblin. Your bite misses the hobgoblin.
The hobgoblin is moderately wounded.
The hobgoblin hits you with a +0 club!
* * * LOW HITPOINT WARNING * * *
You are too injured to fight recklessly!
The hobgoblin attacks as you move away! The hobgoblin hits you with a +0 club!
You die...

#.......##.##.#.#
#......
#.########.##.#.#
#...### . ###<##.#.#
###...### #........#
#......<#
#......#######.#.....#
.....#................#
#.###.........##.##.....
#. ##g######.##.#......
. #@.†..##.......... #
#..##$###........#
#...###.##........
###..##...........
#.#.######....._
#...............
#.##.##.........
#...............
#......#........


You could see a hobgoblin (strong, very drained).

Vanquished Creatures
  An adder (D:2)
  A dart slug (D:1)
  5 endoplasms
  A giant cockroach (D:1)
  4 goblins
  4 hobgoblins
  4 kobolds
  A quokka (D:2)
  3 ball pythons
  7 bats
  3 frilled lizards
  3 rats
37 creatures vanquished.

Notes
Turn   | Place    | Note
-------+----------+-------------------------------------------
     0 | D:1      | Midn8 the Vine Stalker Reaver began the quest for the Orb.
     0 | D:1      | Reached XP level 1. HP: 11/11 MP: 4/4
   152 | D:1      | Reached XP level 2. HP: 6/14 MP: 6/6
   192 | D:1      | Reached skill level 1 in Short Blades
   787 | D:1      | Reached XP level 3. HP: 16/18 MP: 4/7
  1245 | D:2      | Found a shimmering blue altar of Sif Muna.
  1325 | D:2      | Slain by a hobgoblin

Illustrated notes

Levels and vault maps discovered:
D:1:      roderic_octagonal_star, layout_basic
D:2:      layout_loops_cross, basic_altar, minmay_cut_off

Skill      XL: |  1  2  3 |
---------------+----------+-----
Short Blades   | 1 2 |  2.7
Fighting       | |  1.7
Dodging        | |  1.5
Unarmed Combat | |  3.3
Spellcasting   | |  2.1
Conjurations   | |  3.0

Action                   || total
-------------------------++-------
Melee: Unarmed           ||    15
       Bite              ||    12
       Short sword       ||    64
 Fire: Sling             ||     2
 Cast: Kiss of Death     ||     1
Armor: Leather armour    ||    17
Dodge: Dodged            ||    39

Table legend: (Time is in decaauts)
 A = Elapsed time spent in this place.
 B = Non-inter-level travel time spent in this place.
 C = Inter-level travel time spent in this place.
 D = Time resting spent in this place.
 E = Time spent auto-exploring this place.
 F = Levels seen in this place.
 G = Mean time per level.
                   A        B        C        D        E       F      G
               +--------+--------+--------+--------+--------+-----+--------+
         Total |   1317 |   1282 |     35 |    125 |    889 |   2 |  658.5 |
       Dungeon |   1317 |   1282 |     35 |    125 |    889 |   2 |  658.5 |
               +--------+--------+--------+--------+--------+-----+--------+

Top non-repeatable levels by time:
     D:1: 872 daAuts
     D:2: 445 daAuts
